 Dungeon Crawl Stone Soup version 0.29.0-4-gdea44cf6ec (webtiles) character file.

Game seed: 17244795332425484487

6055 qw the Cleaver (level 10, 0/86 HPs)
             Began as a Minotaur Berserker on Sept 7, 2022.
             Was a Believer of Trog.
             Slain by a gnoll
             ... wielding a +0 spear
             ... led by a gnoll bouda
              (6 damage)
             ... on level 9 of the Dungeon.
             The game lasted 00:03:03 (10815 turns).

qw the Cleaver (Minotaur Berserker)                Turns: 10815, Time: 00:03:03

Health: 0/86       AC: 14    Str: 27    XL:     10   Next: 57%
Magic:  9/9        EV:  5    Int: 10    God:    Trog [**....]
Gold:   598        SH: 16    Dex:  9    Spells: 9/9 levels left

rFire   . . .      SeeInvis .   Y - +0 war axe (flame)
rCold   . . .      Faith    .   a - +0 tower shield
rNeg    . . .      Spirit   .   k - +2 plate armour
rPois   .          Reflect  .   (helmet restricted)
rElec   .          Harm     .   (no cloak)
rCorr   .          Rampage  .   (no gloves)
Will    +....                   (no boots)
Stlth   ..........              (no amulet)
HPRegen 0.24/turn               b - ring of willpower
MPRegen 0.11/turn               m - +6 ring of intelligence

@: lethally poisoned (0 -> -3), about to teleport, on berserk cooldown, slowed,
very slow
A: horns 2, retaliatory headbutt
a: Renounce Religion, Berserk, Trog's Hand


You were on level 9 of the Dungeon.
You worshipped Trog.
Trog was pleased with you.
You visited 1 branch of the dungeon, and saw 9 of its levels.

You collected 686 gold pieces.
You spent 88 gold pieces at shops.


Innate Abilities, Weirdness & Mutations

You have a pair of horns on your head.
You reflexively headbutt those who attack you in melee.


   Skills:
 - Level 7.1 Fighting
 + Level 12.6 Axes
 - Level 1.6 Throwing
 - Level 5.0 Armour
 - Level 2.1 Dodging
 - Level 12.3 Shields


You had 9 spell levels left.
You didn't know any spells.
Your spell library was empty.

Inventory:

Hand Weapons
 Y - a +0 war axe of flaming (weapon)
Missiles
 e - 4 boomerangs (quivered)
Armour
 a - a +0 tower shield (worn)
 k - a +2 plate armour (worn)
Jewellery
 b - a ring of willpower (left hand)
 f - a +4 ring of protection
 m - a +6 ring of intelligence (right hand)
Scrolls
 d - 3 scrolls of identify
 i - 2 scrolls of teleportation
Potions
 c - 3 potions of mutation
 j - a potion of cancellation
 l - 3 potions of curing

Dungeon Overview and Level Annotations

Branches:
Dungeon (9/15)             Temple (0/1) D:5
   Lair: D:8-11         Orc: D:9-12

Altars:
Ru
Wu Jian

Shops:
D:6 *


Message History

The water moccasin bites the fungus.
The scorpion stings you but does no damage.
You block the komodo dragon's attack.
The water moccasin bites the plant!
The gnoll hits you but does no damage.
You slash the scorpion! You burn the scorpion.
You kill the scorpion!
Trog accepts your kill.
You barely miss the komodo dragon.
You are no longer berserk.
You are exhausted.
You feel yourself slow down.
You feel very sick.
The water moccasin bites the plant!
You closely miss the komodo dragon.
You feel extremely sick.
A nearby fungus withers and dies.
The gnoll is no longer moving quickly.
The komodo dragon bites you!! You block the gnoll's attack.
The water moccasin bites the fungus!
The fungus begins to die.
The gnoll hits you but does no damage. You block the komodo dragon's attack.
The water moccasin bites the fungus!
10813 ||| READING 3 scrolls of teleportation.
As you read the scroll of teleportation, it crumbles to dust.
You feel strangely unstable.
You feel very sick.
A nearby plant withers and dies.
You block the komodo dragon's attack. You block the gnoll's attack.
10814 ||| DRINKING potion of heal wounds.
You feel much better.
You feel very sick. You block the gnoll's attack. The komodo dragon bites you!!
The komodo dragon completely misses you.
You furiously retaliate!
You headbutt the komodo dragon, but do no damage.
You block the gnoll's attack.
You hit the komodo dragon but do no damage.
You feel very sick.
A nearby fungus withers and dies.
You block the komodo dragon's attack. You block the gnoll's attack.
You block the komodo dragon's attack.
The gnoll hits you from afar with a +0 spear.
You die...

. #......## .
P...## ##....## .
.P.PP.# ##...## P
PPP....######..###
P ..P...........##
. ............###
. P..P.PS.....# .
.P.PP.%....## P
.P...P)@...# .
...P.gl)..## .
.PPPP.....# .
PPP......##
PP.......#
P.........
.P...###.. ...##
###.


You could see a komodo dragon, a water moccasin and a gnoll.

Vanquished Creatures
  A two-headed ogre (D:8)
  Maggie (D:8)
  A gargoyle (D:6)
  A hornet (D:9)
  Prince Ribbit (D:6)
  Sigmund (D:6)
  4 yaks (D:5)
  2 wyverns (D:9)
  A shadow (D:9)
  A steam dragon (D:8)
  A vampire mosquito (D:6)
  Menkaure (D:6)
  4 water moccasins
  2 orc warriors (D:8)
  An ice beast (D:6)
  2 black bears
  2 ogres
  A centaur (D:9)
  A phantom (D:6)
  Blork the orc (D:6)
  4 bullfrogs
  3 scorpions
  A necrophage (D:6)
  7 wights
  4 killer bees (D:7)
  A jelly (D:5)
  4 hounds
  An orc priest (D:8)
  A gnoll bouda (D:9)
  3 iguanas
  5 orc wizards
  8 adders
  8 gnolls
  2 shadow imps (D:7)
  A white imp (D:7)
  2 ufetubi
  2 worms
  A dart slug (D:3)
  18 orcs
  9 endoplasms
  A giant cockroach (D:2)
  5 goblins
  12 hobgoblins
  4 jackals (D:2)
  4 kobolds
  A quokka (D:2)
  4 ball pythons
  2 bats (D:2)
  3 frilled lizards
  7 rats
158 creatures vanquished.

Vanquished Creatures (others)
  10 fungi (D:9)
  12 plants (D:9)
22 creatures vanquished.

Grand Total: 180 creatures vanquished

Notes
Turn   | Place    | Note
-------+----------+-------------------------------------------
     0 | D:1      | qw the Minotaur Berserker began the quest for the Orb.
     0 | D:1      | Reached XP level 1. HP: 19/19 MP: 0/0
     0 | D:1      | 0 ||| qw: Version: 0.1-a-108-g9e35731
     0 | D:1      | 0 ||| qw: Game counter: 6537
     0 | D:1      | 0 ||| qw: Always use a shield: true
     0 | D:1      | 0 ||| qw: Do Orc after D:15 true
     0 | D:1      | 0 ||| qw: Do second Lair branch before Depths: true
     0 | D:1      | 0 ||| qw: Lair rune preference: random
     0 | D:1      | 0 ||| qw: Plans: Normal
     0 | D:1      | 0 ||| PLANNING D:1-11
   169 | D:1      | 169 ||| DROPPING +0 club.
   245 | D:1      | Reached XP level 2. HP: 14/26 MP: 1/1
  1058 | D:1      | 1058 ||| UPGRADING to +0 ring mail.
  1068 | D:1      | 1068 ||| DROPPING +0 animal skin.
  1069 | D:1      | 1069 ||| READING scroll labelled XEUGEPE MUAXEMA.
  1070 | D:1      | 1070 ||| READING scroll labelled CAUXUA JOAZOJU.
  1074 | D:1      | 1074 ||| DRINKING 4 bubbling green potions.
  1304 | D:2      | 1304 ||| Stepping ~*~*~tactically~*~*~ (stealth).
  1317 | D:2      | Reached XP level 3. HP: 26/31 MP: 2/2
  1317 | D:2      | 1317 ||| FLEEEEING.
  1319 | D:2      | 1319 ||| FLEEEEING.
  1320 | D:2      | 1320 ||| FLEEEEING.
  1321 | D:2      | 1321 ||| FLEEEEING.
  1322 | D:2      | 1322 ||| FLEEEEING.
  1326 | D:2      | 1326 ||| FLEEEEING.
  1327 | D:2      | 1327 ||| FLEEEEING.
  1562 | D:2      | 1562 ||| INVOKING Berserk.
  2110 | D:2      | 2110 ||| UPGRADING to +0 plate armour.
  2120 | D:2      | 2120 ||| DROPPING +0 ring mail.
  2121 | D:2      | 2121 ||| READING scroll labelled RITTEX EBBOU.
  2122 | D:2      | 2122 ||| READING scroll labelled WOEMPO BOWES.
  2123 | D:2      | 2123 ||| READING 2 scrolls labelled UWUHIH JO RESA.
  2124 | D:2      | 2124 ||| READING scroll labelled MOPTAN GI UTE.
  2316 | D:3      | Reached XP level 4. HP: 35/39 MP: 3/3
  2394 | D:3      | Reached skill level 6 in Axes
  2394 | D:3      | 2394 ||| FLEEEEING.
  2661 | D:3      | Found a faded altar of an unknown god.
  2733 | D:3      | Found a sacrificial altar of Ru.
  2747 | D:3      | Reached ** piety under Trog
  2879 | D:3      | 2879 ||| READING scroll labelled MIGGUI XIFRO.
  2880 | D:3      | 2880 ||| READING scroll labelled RIKIQO HONLE.
  2881 | D:3      | 2881 ||| READING scroll labelled ODUMAUSM NUMA.
  2882 | D:3      | 2882 ||| DRINKING 2 glowing dark potions.
  2883 | D:3      | 2883 ||| DRINKING 2 fuming inky potions.
  2884 | D:3      | 2884 ||| READING 3 scrolls of identify.
  2884 | D:3      | 2884 ||| IDENTIFYING black potion
  2885 | D:3      | 2885 ||| READING 2 scrolls of identify.
  2885 | D:3      | 2885 ||| IDENTIFYING blue potion
  2886 | D:3      | 2886 ||| DROPPING potion of flight.
  3124 | D:4      | 3124 ||| INVOKING Berserk.
  3273 | D:4      | 3273 ||| READING scroll of enchant armour.
  3273 | D:4      | 3273 ||| ENCHANTING +0 plate armour.
  3352 | D:4      | 3352 ||| INVOKING Berserk.
  3359 | D:4      | Reached XP level 5. HP: 45/45 MP: 4/4
  3742 | D:4      | 3742 ||| DROPPING orb of mayhem.
  3743 | D:4      | 3743 ||| UPGRADING to ring of willpower.
  3744 | D:4      | 3744 ||| READING 2 scrolls of identify.
  3744 | D:4      | 3744 ||| IDENTIFYING silvery potion
  3745 | D:4      | 3745 ||| DROPPING potion of attraction.
  3777 | D:5      | Entered Level 5 of the Dungeon
  3779 | D:5      | 3779 ||| STAIRDANCE
  3788 | D:5      | 3788 ||| INVOKING Berserk.
  3802 | D:5      | 3802 ||| STAIRDANCE
  3947 | D:5      | Found a staircase to the Ecumenical Temple.
  4015 | D:5      | Reached skill level 3 in Armour
  4024 | D:5      | Reached XP level 6. HP: 36/53 MP: 5/5
  4333 | D:5      | 4333 ||| INVOKING Berserk.
  4498 | D:5      | Noticed a yak
  4500 | D:5      | 4500 ||| Stepping ~*~*~tactically~*~*~ (stealth).
  4501 | D:5      | Noticed a yak
  4503 | D:5      | Noticed a yak
  4506 | D:5      | Noticed a yak
  4511 | D:5      | HP: 6/53 [yak (8)]
  4512 | D:5      | 4512 ||| READING 4 scrolls of teleportation.
  4513 | D:5      | 4513 ||| DRINKING 3 potions of heal wounds.
  4514 | D:5      | 4514 ||| INVOKING Berserk.
  4515 | D:5      | Killed a yak
  4516 | D:5      | Reached skill level 9 in Axes
  4516 | D:5      | Reached XP level 7. HP: 21/60 MP: 6/6
  4516 | D:5      | HP: 16/90 [yak (5)]
  4517 | D:5      | Killed a yak
  4527 | D:5      | 4527 ||| Stepping ~*~*~tactically~*~*~ (stealth).
  4528 | D:5      | 4528 ||| DRINKING 2 potions of heal wounds.
  4550 | D:5      | 4550 ||| Stepping ~*~*~tactically~*~*~ (stealth).
  4567 | D:5      | 4567 ||| Stepping ~*~*~tactically~*~*~ (stealth).
  4568 | D:5      | 4568 ||| Stepping ~*~*~tactically~*~*~ (stealth).
  4620 | D:5      | 4620 ||| INVOKING Berserk.
  4621 | D:5      | Killed a yak
  4621 | D:5      | Killed a yak
  4622 | D:5      | Reached XP level 8. HP: 30/69 MP: 7/7
  4624 | D:5      | HP: 21/103 [gnoll/+0 halberd (9)]
  4897 | D:5      | 4897 ||| Stepping ~*~*~tactically~*~*~ (stealth).
  5059 | D:5      | 5059 ||| INVOKING Berserk.
  5390 | D:5      | 5390 ||| READING scroll labelled GAG DEIVE UGEEVAR.
  5439 | D:6      | Reached skill level 6 in Fighting
  5461 | D:6      | Noticed Prince Ribbit
  5463 | D:6      | 5463 ||| INVOKING Berserk.
  5480 | D:6      | Killed Prince Ribbit
  5705 | D:6      | Noticed Menkaure
  5706 | D:6      | 5706 ||| FLEEEEING.
  5708 | D:6      | 5708 ||| STAIRDANCE
  5868 | D:5      | 5868 ||| UPGRADING to +0 tower shield.
  5873 | D:5      | 5873 ||| READING scroll labelled VOKHEGRENKO.
  5876 | D:6      | 5876 ||| Stepping ~*~*~tactically~*~*~ (hiding).
  5879 | D:6      | 5879 ||| INVOKING Berserk.
  5881 | D:6      | Killed Menkaure
  6005 | D:6      | Found Zuplat Doila's Elemental Accessories.
  6025 | D:6      | Reached skill level 3 in Shields
  6077 | D:6      | 6077 ||| BUYING potion of mutation (88 gold).
  6077 | D:6      | Bought a potion of mutation for 88 gold pieces
  6131 | D:6      | 6131 ||| INVOKING Berserk.
  6277 | D:6      | 6277 ||| Stepping ~*~*~tactically~*~*~ (stealth).
  6279 | D:6      | 6279 ||| Stepping ~*~*~tactically~*~*~ (stealth).
  6539 | D:6      | Noticed Sigmund
  6542 | D:6      | 6542 ||| INVOKING Berserk.
  6546 | D:6      | Killed Sigmund
  6547 | D:6      | Reached skill level 6 in Shields
  6670 | D:6      | Reached XP level 9. HP: 70/75 MP: 8/8
  6702 | D:6      | 6702 ||| Stepping ~*~*~tactically~*~*~ (stealth).
  6703 | D:6      | 6703 ||| Stepping ~*~*~tactically~*~*~ (stealth).
  6705 | D:6      | Noticed Blork the orc
  6706 | D:6      | 6706 ||| Stepping ~*~*~tactically~*~*~ (hiding).
  6710 | D:6      | 6710 ||| INVOKING Berserk.
  6720 | D:6      | Killed Blork the orc
  6731 | D:6      | 6731 ||| Stepping ~*~*~tactically~*~*~ (stealth).
  6736 | D:6      | 6736 ||| Stepping ~*~*~tactically~*~*~ (stealth).
  6740 | D:6      | 6740 ||| Stepping ~*~*~tactically~*~*~ (stealth).
  6763 | D:6      | Noticed a gargoyle
  6764 | D:6      | 6764 ||| FLEEEEING.
  6765 | D:6      | 6765 ||| FLEEEEING.
  6766 | D:6      | 6766 ||| FLEEEEING.
  6767 | D:6      | 6767 ||| FLEEEEING.
  6768 | D:6      | 6768 ||| FLEEEEING.
  6769 | D:6      | 6769 ||| FLEEEEING.
  6770 | D:6      | 6770 ||| FLEEEEING.
  6774 | D:6      | 6774 ||| FLEEEEING.
  6781 | D:6      | 6781 ||| FLEEEEING.
  6782 | D:6      | 6782 ||| FLEEEEING.
  6786 | D:6      | 6786 ||| FLEEEEING.
  6787 | D:6      | 6787 ||| FLEEEEING.
  6789 | D:6      | 6789 ||| FLEEEEING.
  6793 | D:6      | 6793 ||| STAIRDANCE
  6837 | D:6      | 6837 ||| INVOKING Berserk.
  6839 | D:6      | Killed a gargoyle
  7123 | D:6      | 7123 ||| DROPPING +1 mace of protection.
  7252 | D:7      | 7252 ||| Stepping ~*~*~tactically~*~*~ (stealth).
  7272 | D:7      | 7272 ||| INVOKING Berserk.
  7275 | D:7      | Reached skill level 9 in Shields
  7504 | D:7      | 7504 ||| Stepping ~*~*~tactically~*~*~ (hiding).
  7880 | D:7      | 7880 ||| Stepping ~*~*~tactically~*~*~ (stealth).
  8161 | D:7      | Reached skill level 1 in Throwing
  8408 | D:7      | Found an ornate altar of the Wu Jian Council.
  8466 | D:7      | 8466 ||| UPGRADING to +6 ring of intelligence.
  8467 | D:7      | 8467 ||| READING 2 scrolls of identify.
  8467 | D:7      | 8467 ||| IDENTIFYING sedimented golden potion
  8468 | D:7      | 8468 ||| DROPPING potion of berserk rage.
  8566 | D:8      | 8566 ||| INVOKING Berserk.
  8833 | D:8      | 8833 ||| Stepping ~*~*~tactically~*~*~ (hiding).
  8834 | D:8      | 8834 ||| Stepping ~*~*~tactically~*~*~ (hiding).
  8835 | D:8      | 8835 ||| Stepping ~*~*~tactically~*~*~ (hiding).
  8839 | D:8      | 8839 ||| INVOKING Berserk.
  8914 | D:8      | Noticed Maggie
  8937 | D:8      | HP: 16/74 [Maggie/+1 morningstar of pain (5)]
  8938 | D:8      | 8938 ||| READING 4 scrolls of teleportation.
  8939 | D:8      | 8939 ||| DRINKING 2 potions of heal wounds.
  8949 | D:8      | Killed Maggie
  9130 | D:8      | 9130 ||| INVOKING Berserk.
  9133 | D:8      | Reached XP level 10. HP: 83/83 MP: 9/9
  9350 | D:8      | Noticed a two-headed ogre
  9354 | D:8      | 9354 ||| INVOKING Berserk.
  9361 | D:8      | Killed a two-headed ogre
  9362 | D:8      | Reached skill level 12 in Shields
  9552 | D:8      | 9552 ||| Stepping ~*~*~tactically~*~*~ (stealth).
  9562 | D:8      | 9562 ||| Stepping ~*~*~tactically~*~*~ (stealth).
  9563 | D:8      | 9563 ||| SWAPPING to +0 war axe.
  9564 | D:8      | 9564 ||| DROPPING +0 hand axe.
  9566 | D:8      | 9566 ||| Stepping ~*~*~tactically~*~*~ (stealth).
  9569 | D:8      | 9569 ||| FLEEEEING.
  9570 | D:8      | 9570 ||| FLEEEEING.
  9571 | D:8      | 9571 ||| FLEEEEING.
  9572 | D:8      | 9572 ||| FLEEEEING.
  9573 | D:8      | 9573 ||| FLEEEEING.
  9574 | D:8      | 9574 ||| FLEEEEING.
  9576 | D:8      | 9576 ||| FLEEEEING.
  9577 | D:8      | 9577 ||| FLEEEEING.
  9578 | D:8      | 9578 ||| FLEEEEING.
  9579 | D:8      | 9579 ||| FLEEEEING.
  9580 | D:8      | 9580 ||| FLEEEEING.
  9581 | D:8      | 9581 ||| FLEEEEING.
  9582 | D:8      | 9582 ||| FLEEEEING.
  9583 | D:8      | 9583 ||| FLEEEEING.
  9584 | D:8      | 9584 ||| FLEEEEING.
  9585 | D:8      | 9585 ||| FLEEEEING.
  9586 | D:8      | 9586 ||| FLEEEEING.
  9587 | D:8      | 9587 ||| FLEEEEING.
  9588 | D:8      | 9588 ||| STAIRDANCE
  9673 | D:7      | 9673 ||| READING scroll labelled AXTIRE LUCZUTS.
  9674 | D:7      | 9674 ||| READING 3 scrolls of identify.
  9674 | D:7      | 9674 ||| IDENTIFYING pink potion
  9675 | D:7      | 9675 ||| DROPPING potion of brilliance.
  9678 | D:8      | 9678 ||| STAIRDANCE
  9687 | D:8      | 9687 ||| INVOKING Berserk.
 10063 | D:8      | 10063 ||| READING scroll labelled HOCROHAARGH.
 10101 | D:9      | Reached skill level 12 in Axes
 10226 | D:9      | 10226 ||| READING scroll of enchant armour.
 10226 | D:9      | 10226 ||| ENCHANTING +1 plate armour.
 10340 | D:9      | 10340 ||| READING scroll of brand weapon.
 10340 | D:9      | 10340 ||| BRANDING +0 war axe of protection.
 10341 | D:9      | 10341 ||| DROPPING +0 flail.
 10530 | D:9      | 10530 ||| Stepping ~*~*~tactically~*~*~ (hiding).
 10795 | D:9      | 10795 ||| INVOKING Berserk.
 10812 | D:9      | HP: 7/86 [komodo dragon (24)]
 10813 | D:9      | 10813 ||| READING 3 scrolls of teleportation.
 10814 | D:9      | 10814 ||| DRINKING potion of heal wounds.
 10815 | D:9      | Slain by a gnoll

Levels and vault maps discovered:
D:1:      dpeg_arrival_ratfight, layout_basic
D:2:      layout_basic, serial_curves, eino_curves_03, eino_curves_03
D:3:      layout_basic, mainiacjoe_overflow_tiny_flanked,
          basic_ecumenical_altar, serial_bayou_lagoon_a, moated_statue
D:4:      layout_basic, hangedman_decor_points
D:5:      layout_loops_ring, minmay_temple_entry_tees, grunt_ministairs_6
D:6:      layout_rooms, nicolae_elemental_shop, st_stairs_7, minmay_three_doors,
          uniq_sigmund, uniq_menkaure, uniq_blork_the_orc, uniq_prince_ribbit1
D:7:      layout_cave_pools, nicolae_wu_jian_glorious_leap,
          chequers_serial_rivers_room_b
D:8:      layout_basic, uniq_maggie
D:9:      layout_layer_cave, due_lair_maze_entry_diamond

Skill      XL: |  1  2  3  4  5  6  7  8  9 10 |
---------------+-------------------------------+-----
Axes           | 4 5 7 9 10 11 12 | 12.6
Fighting       | 4 5 6 7 |  7.1
Armour         | 3 4 5 |  5.0
Shields        | 6 11 12 | 12.3
Throwing       | 1 |  1.6
Dodging        | |  2.1

Action                   |  1- 3 |  4- 6 |  7- 9 | 10-12 || total
-------------------------+-------+-------+-------+-------++-------
Melee: Hand axe          |    90 |    97 |   267 |    12 ||   466
       Headbutt          |    15 |    16 |    45 |    13 ||    89
       Punch             |       |       |     1 |       ||     1
       War axe           |       |       |       |    75 ||    75
Throw: Boomerang         |       |       |    20 |    14 ||    34
Invok: Berserk           |     1 |     5 |    12 |     3 ||    21
  Use: Scroll            |     6 |     8 |     4 |     6 ||    24
       Potion            |     1 |     3 |     2 |     1 ||     7
Armor: Ring mail         |    19 |       |       |       ||    19
       Animal skin       |     1 |       |       |       ||     1
       Plate armour      |     1 |    34 |    81 |    33 ||   149
Dodge: Dodged            |    45 |    32 |    37 |    21 ||   135
Block: Tower shield      |       |       |   115 |    93 ||   208

Table legend:
 A = Non-vault XP
 B = Vault XP
 C = Vault XP percentage of total XP
 D = Non-vault monster count
 E = Vault monster count
 F = Vault count percentage of total count
                 A         B        C        D         E       F
            +---------+---------+-------+---------+---------+-------
      Total |    6184 |    2466 |  28.5 |     138 |      20 |  12.7
            +---------+---------+-------+---------+---------+-------
        D:1 |      16 |       5 |  23.8 |       9 |       5 |  35.7
        D:2 |      68 |       0 |   0.0 |      25 |       0 |   0.0
        D:3 |      25 |       0 |   0.0 |      11 |       0 |   0.0
        D:4 |     105 |       0 |   0.0 |      13 |       0 |   0.0
        D:5 |    1228 |     165 |  11.8 |      16 |       2 |  11.1
        D:6 |     685 |    1355 |  66.4 |      15 |       8 |  34.8
        D:7 |     833 |       0 |   0.0 |      17 |       0 |   0.0
        D:8 |    1912 |     409 |  17.6 |      17 |       1 |   5.6
        D:9 |    1312 |     532 |  28.9 |      15 |       4 |  21.1
            +---------+---------+-------+---------+---------+-------
